 Dungeon Crawl Stone Soup version 0.21.1-1-g345015f (webtiles) character file.

18 tidbits the Grave Robber (level 2, 14/20 HPs)
             Began as a Gnoll Necromancer on June 29, 2018.
             Quit the game on level 5 of the Dungeon.
             The game lasted 00:03:22 (310 turns).

tidbits the Grave Robber (Gnoll Necromancer)         Turns: 310, Time: 00:03:23

Health: 14/20      AC:  3    Str: 10    XL:     2   Next: 66%
Magic:  7/7        EV: 14    Int: 17    God:
Gold:   57         SH:  0    Dex: 15    Spells: 8/10 levels left

rFire    . . .     SeeInvis .   i - +0 falchion
rCold    . . .     Gourm    .   (no shield)
rNeg     . . .     Faith    .   B - +0 robe
rPois    .         Spirit   .   (no helmet)
rElec    .         Reflect  .   C - +0 cloak
rCorr    .         Harm     .   (no gloves)
MR       .....                  (no boots)
Stlth    +++.......             (no amulet)
HPRegen  0.06/turn              (no ring)
MPRegen  0.10/turn              (no ring)

@: no status effects
A: distributed training, fangs 1, strong nose
a: no special abilities


You were on level 5 of the Dungeon.
You were not hungry.

You visited 1 branch of the dungeon, and saw 5 of its levels.

You collected 57 gold pieces.

Inventory:

Hand Weapons
 d - a +0 club
 i - a +0 falchion (weapon)
Armour
 f - a -2 robe
 h - a +0 shield
 B - a +0 robe (worn)
 C - a +0 cloak (worn)
Potions
 g - a potion of curing
Books
 b - a book of Necromancy

   Spells                             Type                      Level
   a - Pain                           Necromancy                   1
   b - Animate Skeleton               Necromancy                   1
   c - Vampiric Draining              Necromancy                   3
   d - Regeneration                   Charms/Necromancy            3
   e - Animate Dead                   Necromancy                   4
   f - Borgnjor's Vile Clutch         Necromancy/Earth             5
Comestibles
 c - a ration


   Skills:
 + Level 0.5 Fighting
 + Level 0.5 Short Blades
 + Level 0.5 Long Blades
 + Level 0.5 Axes
 + Level 0.5 Maces & Flails
 + Level 0.5 Polearms
 + Level 0.5 Staves
 + Level 0.5 Slings
 + Level 0.5 Bows
 + Level 0.5 Crossbows
 + Level 0.5 Throwing
 + Level 0.5 Armour
 + Level 4.5 Dodging
 + Level 4.1 Stealth
 + Level 0.5 Shields
 + Level 0.5 Unarmed Combat
 + Level 4.9 Spellcasting
 + Level 0.3 Conjurations
 + Level 0.3 Hexes
 + Level 0.3 Charms
 + Level 0.3 Summonings
 + Level 7.0 Necromancy
 + Level 0.3 Translocations
 + Level 0.3 Transmutations
 + Level 0.3 Fire Magic
 + Level 0.3 Ice Magic
 + Level 0.3 Air Magic
 + Level 0.3 Earth Magic
 + Level 0.3 Poison Magic
 + Level 0.6 Invocations
 + Level 0.5 Evocations


You had 8 spell levels left.
You knew the following spells:

 Your Spells              Type           Power        Failure   Level  Hunger
a - Pain                  Necr           ####         1%          1    None
n - Animate Skeleton      Necr           N/A          1%          1    None


Dungeon Overview and Level Annotations

Branches:
Dungeon (5/15)
 Temple: D:4-7

Altars:

Portals:
Ossuary: D:4

Annotations:
D:5 Dowan, Duvessa


Innate Abilities, Weirdness & Mutations

Your experience applies equally to all skills.
You have very sharp teeth.
Your uncanny sense of smell can sniff out nearby items.


Message History

You see here 11 gold pieces.
You now have 39 gold pieces (gained 11).
Found a scroll labeled XOQOICEHIE and 11 gold pieces.
You see here a scroll labeled XOQOICEHIE.
k - a scroll labeled XOQOICEHIE You see here 11 gold pieces.
You now have 50 gold pieces (gained 11).
There is a stone staircase leading down here.
Wear which item? (? for menu, Esc to quit)
You start removing your armour.
You continue taking off your +0 robe. x4
You finish taking off your +0 robe.
You start putting on your armour.
You continue putting on your glowing robe. x5
You finish putting on your cursed -2 robe.
Oops, that feels deathly cold.
Okay, then.
You climb downwards.
You hear the hiss of flowing sand.
There is an entrance to an ossuary on this level.
Hurry and find it before the portal is buried!
An adder comes into view.
Found a scroll labeled QUPSUM CATEOCW.
Found a stone staircase leading up.
There is a stone staircase leading up here.
Found 16 gold pieces.
There is a stone staircase leading up here.
You climb upwards.
There is a stone staircase leading down here.
Unknown command.
Found a dagger.
There is a stone staircase leading down here.
You climb downwards.
You hear the hiss of flowing sand.
There is an entrance to an ossuary on this level.
Hurry and find it before the portal is buried!
There is a stone staircase leading up here.
Found 7 gold pieces.
Unknown command.
As you read the scroll labeled XOQOICEHIE, it crumbles to dust.
The scroll dissolves into smoke.
It was a scroll of fog.
Found 19 arrows.
You hear the slow hiss of an avalanche of sand nearby.
You open the door.
Found two escape hatches in the floor.
Found a sand-covered staircase.
There is an open door here.
Found a hunting sling and a cloak.
Found a stone staircase leading down.
A centaur skeleton comes into view.
You see here a cloak.
k - a cloak
Found a short bone wand and a scroll labeled EKHLOU GUNKIBE.
Unknown command.
There is a stone staircase leading down here.
The centaur skeleton barely misses you.
You climb downwards.
Found 4 gold pieces.
There is a stone staircase leading up here.
Unknown command.
Found a scroll labeled QUPSUM CATEOCW.
You see here a scroll labeled QUPSUM CATEOCW.
As you read the scroll labeled QUPSUM CATEOCW, it crumbles to dust.
You feel as if something is helping you.
It was a scroll of remove curse.
Wear which item? (? for menu, Esc to quit)
You start removing your armour.
You continue taking off your -2 robe. x4
You finish taking off your -2 robe.
You start putting on your armour.
You continue putting on your +0 robe. x5
You finish putting on your +0 robe.
Casting: Pain
Confirm with . or Enter, or press ? or * to list all spells.
You don't know that spell.
Wear which item? (? for menu, Esc to quit)
You start putting on your armour.
You continue putting on your cloak. x4
You finish putting on your +0 cloak.
Adjust (i)tems, (s)pells, or (a)bilities?
Adjust which item? (? for menu, Esc to quit)
k - a +0 cloak (worn)
Adjust to which letter? (? for menu, Esc to quit)
C - a +0 cloak (worn)
Adjust (i)tems, (s)pells, or (a)bilities?
Adjust which item? (? for menu, Esc to quit)
a - a +0 robe (worn)
Adjust to which letter? (? for menu, Esc to quit)
B - a +0 robe (worn)
Found 7 gold pieces.
You see here 7 gold pieces.
You now have 57 gold pieces (gained 7).
Dowan, Brother of Duvessa comes into view.
He is wielding a dagger.
Dowan shouts!
Duvessa, Sister of Dowan comes into view.
She is wielding a rapier.
Okay, then.
Dowan points at you and mumbles some strange words.
The puff of frost hits you!
* * * LOW HITPOINT WARNING * * *
Found 2 curare-tipped needles.
It was a potion of curing.
You feel better.
It was a potion of haste.
You feel yourself speed up.
It was a potion of cancellation.
Your magical effects are unravelling.
You feel magically purged.
You feel yourself slow down.
Are you sure you want to abandon this character and quit the game? (Confirm with "yes".)

# #....#########.###
#. #.##..............
#.###.######.###......
#.....# #.# .#####
#.....# ##.## .#
###....#####...##.##
#..........e.......#
#.##.#.#####...##..#
#@# ##.## ..# #.# #.#
# #.# #.# #.# #.# ..(
#.. #.# ### #.# #..


There were no monsters in sight!

Vanquished Creatures
  A dart slug (D:2)
  5 bats
  2 giant cockroaches
  A goblin (D:1)
  A hobgoblin (D:2)
  2 kobolds
  3 rats
15 creatures vanquished.

Vanquished Creatures (others)
  A hobgoblin (D:2)
1 creature vanquished.

Grand Total: 16 creatures vanquished

Notes
Turn   | Place    | Note
-------+----------+-------------------------------------------
     0 | D:1      | tidbits the Gnoll Necromancer began the quest for the Orb.
     0 | D:1      | Reached XP level 1. HP: 13/13 MP: 6/6
    43 | D:2      | Reached XP level 2. HP: 11/19 MP: 1/7
   147 | D:3      | Learned a level 1 spell: Animate Skeleton
   239 | D:4      | Found a sand-covered staircase.
   258 | D:5      | Entered Level 5 of the Dungeon
   291 | D:5      | Noticed Dowan
   292 | D:5      | Noticed Duvessa
   310 | D:5      | Quit the game

Action                   || total
-------------------------++-------
Melee: Club              ||    11
       Bite              ||     1
 Cast: Pain              ||    17
  Use: Potion            ||     3
       Scroll            ||     2
Armor: Robe              ||     9
Dodge: Dodged            ||    18

Table legend:
 A = Turns spent in this place as a percentage of turns spent in the entire game.
 B = Non-inter-level travel turns spent in this place as a percentage of non-inter-level travel turns spent in the entire game.
 C = Inter-level travel turns spent in this place as a percentage of turns spent in this place.
 D = Turns resting spent in this place as a percentage of non-inter-level travel turns spent in this place.
 E = Turns spent auto-exploring this place as a percentage of non-inter-level travel turns spent in this place.
 F = Non-inter-level travel turns spent in this place divided by the number of levels of this place that you've seen.
                   A       B       C       D       E      F
               +-------+-------+-------+-------+-------+----------------------
         Total | 100.0 | 100.0 |   0.0 |   0.0 |   0.0 |  62.0
       Dungeon | 100.0 | 100.0 |   0.0 |   0.0 |   0.0 |  62.0
               +-------+-------+-------+-------+-------+----------------------

Table legend:
 A = Kills in this place as a percentage of kills in entire the game.
 B = Kills by you in this place as a percentage of kills by you in the entire game.
 C = Kills by friends in this place as a percentage of kills by friends in the entire game.
 D = Other kills in this place as a percentage of other kills in the entire game.
 E = Experience gained in this place as a percentage of experience gained in the entire game.
 F = Experience gained in this place divided by the number of levels of this place that you have seen.
                   A       B       C       D       E      F
               +-------+-------+-------+-------+-------+----------------------
         Total | 100.0 | 100.0 |   N/A |   N/A | 100.0 |   5.2
       Dungeon | 100.0 | 100.0 |   N/A |   N/A | 100.0 |   5.2
               +-------+-------+-------+-------+-------+----------------------

Vault maps used:
D:1:      minmay_arrival_shoal_huts
D:2:      cheibrodos_helix_gallery, minmay_pentomino_u4, uniq_jessica
D:3:      led_sif_book, chequers_ecumenical_altar_simple_redux, first_ration
D:4:      old_standard_altar, nicolae_ossuary_entry_false_entrances,
          kennysheep_generic_room_15
D:5:      gammafunk_temple_overflow_statue, minmay_temple_entry_junction,
          uniq_duvessa
